 Dungeon Crawl Stone Soup version 0.20.1-1-g8b1a95d (webtiles) character file.

101 Irenicus the Insei (level 4, -2/37 HPs)
             Began as a Demonspawn Chaos Knight on Oct 13, 2017.
             Slain by a white imp (4 damage)
             ... summoned by Natasha
             ... on level 2 of the Dungeon.
             The game lasted 00:02:26 (1023 turns).

Irenicus the Insei (Demonspawn Chaos Knight)        Turns: 1023, Time: 00:02:27

Health: -2/37      AC:  5    Str: 15 (17) XL:     4   Next: 48%
Magic:  4/4        EV: 11    Int: 11 (14) God:    Xom [..*...]
Gold:   36         SH:  0    Dex: 12 (13) Spells: 3/3 levels left

rFire    . . .     SeeInvis .     - Unarmed
rCold    . . .     Gourm    .   (no shield)
rNeg     . . .     Faith    .   a - +2 leather armour
rPois    .         Spirit   .   (no helmet)
rElec    .         Reflect  .   (no cloak)
rCorr    .         Harm     .   (no gloves)
MR       .....                  (no boots)
Stlth    ++........             (no amulet)
Regen    0.2/turn               (no ring)
MPRegen  0.1/turn               (no ring)

@: mighty, hasted, very quick
A: hooves 2, nightstalker 1
a: Renounce Religion


You were on level 2 of the Dungeon.
You worshipped Xom.
You were a toy of Xom.
You were not hungry.

You visited 1 branch of the dungeon, and saw 2 of its levels.

You collected 36 gold pieces.

Inventory:

Armour
 a - a +2 leather armour (worn)
Scrolls
 e - a scroll of amnesia {unknown}
 g - 2 scrolls of identify {unknown}
 h - a scroll of remove curse {unknown}
 j - a scroll of enchant weapon {unknown}
Potions
 i - a potion of curing
Comestibles
 b - 2 bread rations
 c - a royal jelly


   Skills:
 + Level 3.9 Fighting
 - Level 2.0 Armour
 - Level 1.1 Dodging
 + Level 4.0 Unarmed Combat


You had 3 spell levels left.
You didn't know any spells.

Dungeon Overview and Level Annotations

Branches:
Dungeon (2/15)

Altars:

Annotations:
D:2 Natasha


Innate Abilities, Weirdness & Mutations

You have hoof-like feet.
You are slightly more attuned to the shadows.


Message History

It was a potion of might.
You feel very mighty all of a sudden.
Xom roars with laughter!
Xom smiles on you.
You feel yourself speed up.
Natasha zaps a wand.
The puff of flame hits you!
* * * LOW HITPOINT WARNING * * *
The white imp completely misses you.
You barely miss Natasha. Your punch misses Natasha.
Natasha is lightly wounded.
Natasha claws you but does no damage. The white imp closely misses you.
It was a potion of degeneration.
There was something very wrong with that liquid.
You feel weakened.
You feel dopey.
You feel clumsy. Natasha claws you.
* * * LOW HITPOINT WARNING * * *
You punch Natasha!
Natasha is almost dead.
The white imp hits you.
* * * LOW HITPOINT WARNING * * *
The white imp freezes you.
You die...

..##...##.#..........#
#..
..##......#.........#
#..
####...............#
###...##.......#
#..............#
#.#...##.......#
#.#...##.......# ..
......#######h5## ...
# .....# #####@..##
.... .....#
#........###.$..
#...............
#..............#
#..............#
#..............#
#...............
#..............#
#..............#


You could see Natasha and a white imp.

Vanquished Creatures
  Natasha (twice) (D:2)
  2 adders (D:2)
  An ooze (D:1)
  A worm (D:2)
  A dart slug (D:1)
  2 leopard geckos
  3 bats (D:1)
  3 goblins
  3 hobgoblins
  2 jackals (D:1)
  3 kobolds (D:1)
  2 rats
25 creatures vanquished.

Notes
Turn   | Place    | Note
-------+----------+-------------------------------------------
     0 | D:1      | Irenicus the Demonspawn Chaos Knight began the quest for the Orb.
     0 | D:1      | Reached XP level 1. HP: 18/18 MP: 1/1
   113 | D:1      | Gained mutation: You have large cloven feet. [demonic ancestry]
   113 | D:1      | Reached XP level 2. HP: 22/24 MP: 2/2
   219 | D:1      | Reached skill level 1 in Dodging
   383 | D:1      | Reached skill level 3 in Unarmed Combat
   547 | D:2      | Gained mutation: You have hoof-like feet. [demonic ancestry]
   547 | D:2      | Reached XP level 3. HP: 25/29 MP: 3/3
   643 | D:2      | HP: 1/29 [adder (4)]
   697 | D:2      | Noticed Natasha
   704 | D:2      | Killed Natasha
   704 | D:2      | Gained mutation: You are slightly more attuned to the shadows. [demonic ancestry]
   704 | D:2      | Reached XP level 4. HP: 3/37 MP: 4/4
   864 | D:2      | Noticed Natasha
   873 | D:2      | Killed Natasha
   873 | D:2      | Reached skill level 4 in Unarmed Combat
  1011 | D:2      | Noticed Natasha
  1020 | D:2      | XOM: potion effect (haste)
  1023 | D:2      | Slain by a white imp

Skill      XL: |  1  2  3  4 |
---------------+-------------+-----
Dodging        | 1 |  1.1
Armour         | 2 |  2.0
Unarmed Combat | 3 4 |  4.0
Fighting       | |  3.9

Action                   |  1- 3 |  4- 6 || total
-------------------------+-------+-------++-------
Melee: Unarmed           |   102 |    14 ||   116
       Kick              |    17 |     2 ||    19
  Use: Potion            |     1 |     2 ||     3
 Stab: Distracted        |       |     1 ||     1
Armor: Leather armour    |    34 |     3 ||    37
Dodge: Dodged            |    55 |     8 ||    63
